 Dungeon Crawl Stone Soup version 0.28-a0-1524-ge72afd5fc6 (webtiles) character file.

Game seed: 17284016580229929032

9 HallandMoats the Skirmisher (level 2, 0/24 HPs)
             Began as a Demonspawn Fighter on Jan 18, 2022.
             Slain by a hobgoblin (4 damage)
             ... on level 1 of the Dungeon.
             The game lasted 00:00:31 (418 turns).

HallandMoats the Skirmisher (Demonspawn Fighter)     Turns: 418, Time: 00:00:32

Health: 0/24       AC:  6    Str: 16    XL:     2   Next: 3%
Magic:  2/2        EV:  9    Int:  9    God:
Gold:   0          SH:  4    Dex: 12    Spells: 1/1 levels left

rFire   . . .      SeeInvis .   a - +0 war axe
rCold   . . .      Faith    .   c - +0 buckler
rNeg    . . .      Spirit   .   b - +0 scale mail
rPois   .          Reflect  .   (no helmet)
rElec   .          Harm     .   (no cloak)
rCorr   .          Rampage  .   (no gloves)
Will    .....                   (no boots)
Stlth   ..........              (no amulet)
HPRegen 0.08/turn               (no ring)
MPRegen 0.08/turn               (no ring)

@: no status effects
A: foul stench 1
a: no special abilities


You were on level 1 of the Dungeon.
You visited 1 branch of the dungeon, and saw 1 of its levels.

Inventory:

Hand Weapons
 a - a +0 war axe (weapon)
Armour
 b - a +0 scale mail (worn)
 c - a +0 buckler (worn)
Potions
 d - a potion of might


   Skills:
 * Level 3.1 Fighting
 * Level 2.0 Axes
 + Level 2.7 Armour
 + Level 0.3 Dodging
 + Level 2.7 Shields


You had one spell level left.
You didn't know any spells.
Your spell library was empty.

Dungeon Overview and Level Annotations

Branches:
Dungeon (1/15)

Altars:


Innate Abilities, Weirdness & Mutations

You may rarely emit foul miasma when damaged in melee.


Message History

The hobgoblin barely misses you.
The frilled lizard bites you but does no damage.
The hobgoblin hits you. The frilled lizard bites you. The hobgoblin hits you.
* * * LOW HITPOINT WARNING * * *
The frilled lizard barely misses you. You block the hobgoblin's attack.
The frilled lizard barely misses you.
The hobgoblin hits you but does no damage.
The frilled lizard closely misses you. You block the hobgoblin's attack.
The frilled lizard bites you but does no damage.
The hobgoblin hits you but does no damage.
You block the frilled lizard's attack. The hobgoblin closely misses you.
The frilled lizard closely misses you. The hobgoblin barely misses you.
The frilled lizard bites you but does no damage.
The hobgoblin hits you but does no damage.
The frilled lizard bites you.
* * * LOW HITPOINT WARNING * * *
The hobgoblin hits you but does no damage.
The frilled lizard bites you but does no damage.
The hobgoblin barely misses you. The frilled lizard closely misses you.
The hobgoblin barely misses you. You block the frilled lizard's attack.
The hobgoblin closely misses you. You block the frilled lizard's attack.
The hobgoblin hits you but does no damage.
The frilled lizard bites you.
* * * LOW HITPOINT WARNING * * *
You block the hobgoblin's attack.
The frilled lizard completely misses you.
The hobgoblin hits you but does no damage.
The frilled lizard bites you.
* * * LOW HITPOINT WARNING * * *
The hobgoblin hits you but does no damage.
The frilled lizard barely misses you. The hobgoblin completely misses you.
The frilled lizard bites you but does no damage.
The hobgoblin hits you but does no damage.
The frilled lizard barely misses you. The hobgoblin hits you.
You die...

#.# #.# #.# ######
####### #.# #....#
#.....# #.# #....#
#.....# #.#
#....#####.....###.#
+.^.)'...'..........
#.)@.#####.....#####
#..lg# #..(..#
...?!..# #######
...#####.# ## #.#
#.# ## ... .. .$


You could see a hobgoblin and a frilled lizard.

Vanquished Creatures
  An endoplasm (D:1)
  A giant cockroach (D:1)
  2 goblins (D:1)
  A hobgoblin (D:1)
  2 kobolds (D:1)
  A rat (D:1)
8 creatures vanquished.

Notes
Turn   | Place    | Note
-------+----------+-------------------------------------------
     0 | D:1      | HallandMoats the Demonspawn Fighter began the quest for the
                  | Orb.
     0 | D:1      | Reached XP level 1. HP: 18/18 MP: 1/1
   273 | D:1      | Gained mutation: You may rarely emit foul miasma when
                  | damaged in melee. [demonic ancestry]
   273 | D:1      | Reached XP level 2. HP: 24/24 MP: 2/2
   418 | D:1      | Slain by a hobgoblin

Illustrated notes

Levels and vault maps discovered:
D:1:      lemuel_arrival_behind_the_door_large, layout_basic, st_stairs_8,
          minmay_crystal_room

Skill      XL: |  1 |
---------------+----+-----
Axes           | 2 |  2.0
Fighting       | |  3.1
Armour         | |  2.7
Dodging        | |  0.3
Shields        | |  2.7

Action                   || total
-------------------------++-------
Melee: War axe           ||    17
Armor: Scale mail        ||    60
Dodge: Dodged            ||    67
Block: Buckler           ||    21

Table legend: (Time is in decaauts)
 A = Elapsed time spent in this place.
 B = Non-inter-level travel time spent in this place.
 C = Inter-level travel time spent in this place.
 D = Time resting spent in this place.
 E = Time spent auto-exploring this place.
 F = Levels seen in this place.
 G = Mean time per level.
                   A        B        C        D        E       F      G
               +--------+--------+--------+--------+--------+-----+--------+
         Total |    425 |    425 |      0 |      0 |    237 |   1 |  425.0 |
       Dungeon |    425 |    425 |      0 |      0 |    237 |   1 |  425.0 |
               +--------+--------+--------+--------+--------+-----+--------+

Top non-repeatable levels by time:
     D:1: 425 daAuts
